 Dungeon Sprint DCSS version 0.26.1-11-gd32895ea62 (webtiles) character file.

Game seed: 4692541443004815566

65 Zeld the Shield-Bearer (level 3, -5/33 HPs)
             Began as a Deep Dwarf Monk on June 12, 2021.
             Was a Believer of Makhleb.
             Slain by a merfolk
             ... wielding a +2 trident of freezing
              (8 damage)
             ... in the Dungeon (Sprint V: "Ziggurat Sprint").
             The game lasted 00:01:18 (771 turns).

Zeld the Shield-Bearer (Deep Dwarf Monk)             Turns: 771, Time: 00:01:19

Health: -5/33      AC: 19    Str: 27    XL:     3   Next: 92%
Magic:  2/2        EV:  2    Int: 10    God:    Makhleb [**....]
Gold:   0          SH: 20    Dex: 15    Spells: 2/2 levels left

rFire    . . .     SeeInvis +   a - +14 obsidian axe {vorpal, +Fly SInv *Curse} (curse)
rCold    . . .     Faith    .   i - +3 tower shield
rNeg     . . .     Spirit   .   h - +5 crystal plate armour
rPois    .         Reflect  .   (no helmet)
rElec    .         Harm     .   (no cloak)
rCorr    .         Rampage  .   (no gloves)
Will     .....     NoTele   +   (no boots)
Stlth    ..........             (no amulet)
HPRegen  0.00/turn              l - +6 ring of strength
MPRegen  0.08/turn              m - +6 ring of strength

@: berserk cooldown, mesmerised, non-regenerating, slowed, very slow
A: damage resistance, heal wounds, sense surroundings 1, no regeneration
a: Heal Wounds, Renounce Religion, Evoke Flight, Minor Destruction


You were in the Dungeon.
You worshipped Makhleb.
Makhleb was pleased with you.
You visited 1 branch

Inventory:

Hand Weapons
 a - the cursed +14 obsidian axe (weapon) {vorpal, +Fly SInv *Curse}
   (You found it in the Dungeon)

   It inflicts extra damage upon your enemies.
   It lets you see invisible.
   It lets you fly.
   It curses itself when equipped.
   It has a curse placed upon it.
 j - a +5 broad axe
Armour
 h - a +5 crystal plate armour (worn)
 i - a +3 tower shield (worn)
Jewellery
 l - a +6 ring of strength (left hand)
 m - a +6 ring of strength (right hand)
Wands
 n - a wand of disintegration (7)
 o - a wand of iceblast (7)
 p - a wand of acid (7)
Scrolls
 g - 4 scrolls of blinking
 v - 4 scrolls of amnesia
 w - 7 scrolls of fog
 x - a scroll of holy word
 y - 5 scrolls of identify
 z - 5 scrolls of remove curse
 A - 2 scrolls of fear
Potions
 b - 10 potions of curing
 c - 10 potions of heal wounds
 d - 6 potions of haste
 e - 7 potions of magic
 f - 2 potions of berserk rage
 q - 2 potions of brilliance
 r - 2 potions of invisibility
 s - 4 potions of resistance
 u - 5 potions of might
Miscellaneous
 k - a lightning rod (4/4)


   Skills:
 - Level 2.6 Fighting
 * Level 7.1 Axes
 - Level 3.2 Dodging
 - Level 2.4 Stealth
 * Level 7.1 Shields
 - Level 2.6 Unarmed Combat


You had 2 spell levels left.
You didn't know any spells.
Your spell library was empty.

Dungeon Overview and Level Annotations

Branches:
Dungeon (1/1)

Altars:
Ashenzari
Cheibriados
Dithmenos
Elyvilon
Fedhas
Gozag
Hepliaklqana
Kikubaaqudgha
Makhleb
Nemelex Xobeh
Okawaru
Qazlal
Ru
Sif Muna
Trog
Uskayaw
Vehumet
Wu Jian
Xom
Yredelemnul
Zin
The Shining One
Beogh
Jiyva
Lugonu

Annotations:
D 1 transporter


Innate Abilities, Weirdness & Mutations

You are resistant to damage.
You can heal yourself by infusing magical energy.
You passively map a small area around you.
You do not regenerate.


Message History

You block the merfolk's attack.
The merfolk hits you but does no damage.
The merfolk hits you with a +2 trident of freezing.
The merfolk freezes you.
Your neqoxec hits the merfolk. You block the merfolk's attack.
The merfolk hits you but does no damage. x2
Your neqoxec gestures.
You closely miss the merfolk.
The merfolk is severely wounded.
You slash the merfolk! You barely miss the merfolk.
Visions of slaying the merfolk flood into your mind.
You block the merfolk's attack.
The merfolk hits you with a cursed -1 trident!
The merfolk hits you with a +2 trident of freezing!
* * * LOW HITPOINT WARNING * * *
The merfolk freezes you.
* * * LOW HITPOINT WARNING * * *
Your neqoxec barely misses the merfolk.
You block the merfolk's attack. x2
The merfolk hits you with a +2 trident of freezing!
You die...

▓▓▓▓▓▓▓▓▓▓▓▓▓
,
▓.8©8.▓.8©8.▓
▓.|.=.▓.....▓
,
▓.5...▓.=.|.▓
▓3mmm.▓.))..▓
* ,
▓..@..▓.....▓
,
▓.....▓..©..▓
* ,
▓..©..▓▓▓▓▓▓▓
* ▓▓▓▓▓▓▓ * *
, , 8 8 , ,
,, ,* , , ,
,,,, , , ,* ,
,, *


You could see 3 merfolk, a friendly neqoxec (summoned) and a friendly iron imp
(summoned).

Vanquished Creatures
  2 orc priests (D)
2 creatures vanquished.

Notes
Turn   | Place    | Note
-------+----------+-------------------------------------------
     0 | D        | Zeld the Deep Dwarf Monk began the quest for the Orb.
     0 | D        | Reached XP level 1. HP: 20/20 MP: 1/1
     2 | D        | Banished a spatial maelstrom
     3 | D        | Found a blossoming altar of Fedhas.
     4 | D        | Found the +6 Majin-Bo {vamp, MP+6 Int+6}
     4 | D        | Found the +9 heavy crossbow "Sniper" {vorpal, Acc+∞ SInv}
     4 | D        | Found the +10 dark maul {vorpal}
     4 | D        | Found the +15 Maxwell's patent armour {-Cast -Tele rElec
                  | Will+ rCorr}
     4 | D        | Found the +18 shield of the Gong {rElec rN+ Will+ EV-5}
     4 | D        | Found the cursed +14 obsidian axe {vorpal, +Fly SInv
                  | *Curse}
     4 | D        | Found the +7 great mace "Firestarter" {inner flame, rF++}
     4 | D        | Found the +6 shillelagh "Devastator" {shatter}
     4 | D        | Found the +11 plutonium sword {*Contam Stlth-}
     4 | D        | Found the +8 lance "Wyrmbane" {slay drac, rPois rF+ rC+
                  | AC+3}
     4 | D        | Found the +9 sword of Zonguldrok {reap}
     4 | D        | Found the cursed +13 scythe of Curses {drain, *Curse}
     4 | D        | Found the +5 sword of Power {vorpal}
     4 | D        | Found the +7 mace of Variability {chain chaos}
     4 | D        | Found the +7 Singing Sword {vorpal, sonic wave}
     4 | D        | Found the +8 storm bow {elec, penet}
     5 | D        | Found a viscous altar of Jiyva.
     5 | D        | Found a hazy altar of Hepliaklqana.
     5 | D        | Found a transporter.
     5 | D        | Found an opulent altar of Gozag.
     5 | D        | Found an ancient bone altar of Kikubaaqudgha.
     5 | D        | Found a corrupted altar of Lugonu.
    28 | D        | Found a burning altar of Makhleb.
    30 | D        | Found an iron altar of Okawaru.
    30 | D        | Found a stormy altar of Qazlal.
    30 | D        | Found a sparkling altar of Nemelex Xobeh.
    30 | D        | Found a sacrificial altar of Ru.
    30 | D        | Found a shimmering blue altar of Sif Muna.
    41 | D        | Found a bloodstained altar of Trog.
    64 | D        | Reached skill level 5 in Axes
    64 | D        | Reached skill level 5 in Shields
    64 | D        | Reached XP level 2. HP: 27/27 MP: 2/2
    80 | D        | Became a worshipper of Makhleb the Destroyer
    80 | D        | Reached * piety under Makhleb
    80 | D        | Reached ** piety under Makhleb
    87 | D        | Entered arena 2.
    87 | D        | Found a transporter.
    90 | D        | Reached XP level 3. HP: 24/33 MP: 3/3
   755 | D        | Entered arena 3.
   755 | D        | Noticed a merfolk
   755 | D        | Noticed a merfolk
   755 | D        | Noticed a merfolk
   755 | D        | Found a transporter.
   771 | D        | Slain by a merfolk

Illustrated notes

Levels and vault maps discovered:
D:        sprint_v [room_start, room_1, room_2, room_3, room_4, room_5, room_6,
          room_7, room_8, room_9, room_10, room_11, room_12, room_13, room_14,
          room_15, room_16, room_17, room_18, room_19, room_20, room_21,
          room_22, room_23, room_24, room_25, room_26, room_27]

Skill      XL: |  1  2  3 |
---------------+----------+-----
Axes           | 5 6 7 |  7.1
Shields        | 5 6 7 |  7.1
Fighting       | |  2.6
Dodging        | |  3.2
Stealth        | |  2.4
Unarmed Combat | |  2.6

Action                   || total
-------------------------++-------
Melee: Broad axe         ||     8
 Abil: Heal Wounds       ||     4
  Use: Potion            ||     2
Armor: Crystal plate arm ||    14
Block: Tower shield      ||    31
